 Dungeon Crawl Stone Soup version 0.28-a0-1567-g1695149f81 (webtiles) character file.

Game seed: 2561255004604191450

46 lonewolfV2 the Skirmisher (level 3, 0/33 HPs)
             Began as a Ghoul Fighter on Jan 19, 2022.
             Slain by a gnoll (7 damage)
             ... on level 2 of the Dungeon.
             The game lasted 00:01:16 (1028 turns).

lonewolfV2 the Skirmisher (Ghoul Fighter)           Turns: 1028, Time: 00:01:17

Health: 0/33       AC:  6    Str: 19    XL:     3   Next: 66%
Magic:  2/2        EV:  9    Int:  3    God:
Gold:   77         SH:  4    Dex: 10    Spells: 2/2 levels left

rFire   . . .      SeeInvis .     - Unarmed
rCold   + . .      Faith    .   b - +0 buckler
rNeg    + + +      Spirit   .   a - +0 scale mail
rPois   ∞          Reflect  .   (no helmet)
rElec   .          Harm     .   (no cloak)
rCorr   .          Rampage  .   (no gloves)
Will    .....                   (no boots)
Stlth   ..........              (no amulet)
HPRegen 0.00/turn               (no ring)
MPRegen 0.08/turn               (no ring)

@: inhibited regen
A: claws 1, cold resistance 1, negative energy resistance 3, inhibited
regeneration, torment resistance 2
a: no special abilities


You were on level 2 of the Dungeon.
You visited 1 branch of the dungeon, and saw 2 of its levels.

You collected 77 gold pieces.

Inventory:

Armour
 a - a +0 scale mail (worn)
 b - a +0 buckler (worn)
Jewellery
 d - a ring of wizardry
Potions
 c - a potion of might
 e - a potion of degeneration {unknown}
 f - a potion of brilliance {unknown}


   Skills:
 + Level 3.7 Fighting
 + Level 3.1 Armour
 + Level 0.2 Dodging
 + Level 2.9 Shields
 + Level 2.9 Unarmed Combat


You had 2 spell levels left.
You didn't know any spells.
Your spell library was empty.

Dungeon Overview and Level Annotations

Branches:
Dungeon (2/15)

Altars:

Shops:
D:1 (


Innate Abilities, Weirdness & Mutations

You thrive by killing the living.
You are immune to poison.
You have sharp fingernails.
Your flesh is cold resistant. (rC+)
You are immune to negative energy. (rN+++)
You do not regenerate when monsters are visible.
You are immune to unholy pain and torment.


Message History

A hobgoblin is nearby!
You claw the hobgoblin!
You kill the hobgoblin!
You see here a hobgoblin corpse.
You see here a jackal corpse.
You see here a rat corpse.
You see here a bat corpse.
You now have 77 gold pieces (gained 9).
Found a short sword.
You see here a +0 short sword.
A gnoll comes into view. It is wielding a +0 club.
You don't know any spells.
There's nothing to open nearby.
A gnoll comes into view. It is wielding a +0 halberd.
The gnoll shouts!
A gnoll comes into view. It is wielding a +0 spear.
The gnoll moves out of view.
The gnoll shouts!
You hear a shout!
A gnoll comes into view.
It is wielding a +2 whip of electrocution.
You closely miss the gnoll.
The gnoll hits you from afar with a +0 spear.
Found 11 gold pieces.
The gnoll hits you with a +0 club. The gnoll closely misses you.
The gnoll barely misses you.
You claw the gnoll!
The gnoll is severely wounded.
The gnoll hits you with a +0 club. The gnoll hits you but does no damage.
The gnoll hits you with a +0 halberd!
You barely miss the gnoll.
The gnoll is severely wounded.
The gnoll hits you with a +0 club. The gnoll closely misses you.
The gnoll hits you with a +0 halberd.
You barely miss the gnoll.
The gnoll is severely wounded.
The gnoll hits you with a +0 club.
* * * LOW HITPOINT WARNING * * *
The gnoll barely misses you. The gnoll hits you but does no damage.
You closely miss the gnoll.
The gnoll is severely wounded.
The gnoll hits you with a +0 club!
You die...

..# ..# #.....$.... ..#
#.......... ..# #..........
### #.......... ..........
.g....... ##. #gg..# ...
##@# ###### # ######g.#
#....# ##. ##.......#
#....# .... #..####.##
##....# ....### #<####..#
###.....#
......###.#....####...#####
....#..##...#### #...##
##.##.....†....###..##
##)##...............#


You could see 4 gnolls.

Vanquished Creatures
  An adder (D:2)
  5 endoplasms
  2 giant cockroaches
  2 hobgoblins
  7 jackals
  5 ball pythons
  4 bats
  A frilled lizard (D:2)
  2 goblins
  4 rats
33 creatures vanquished.

Notes
Turn   | Place    | Note
-------+----------+-------------------------------------------
     0 | D:1      | lonewolfV2 the Ghoul Fighter began the quest for the Orb.
     0 | D:1      | Reached XP level 1. HP: 19/19 MP: 0/0
   201 | D:1      | Reached XP level 2. HP: 26/26 MP: 1/1
   598 | D:1      | Reached XP level 3. HP: 30/33 MP: 2/2
   814 | D:1      | Found Goyqaulorr's Weapon Boutique.
  1028 | D:2      | Slain by a gnoll

Illustrated notes

Levels and vault maps discovered:
D:1:      dpeg_arrival_rooms_a, layout_loops_cross, serial_shops,
          nicolae_shop_hallway_stairs
D:2:      layout_rooms, st_stairs_1

Skill      XL: |  1  2 |
---------------+-------+-----
Armour         | 3 |  3.1
Fighting       | |  3.7
Dodging        | |  0.2
Shields        | |  2.9
Unarmed Combat | |  2.9

Action                   || total
-------------------------++-------
Melee: Unarmed           ||    90
Armor: Scale mail        ||    45
Dodge: Dodged            ||    47
Block: Buckler           ||    15

Table legend: (Time is in decaauts)
 A = Elapsed time spent in this place.
 B = Non-inter-level travel time spent in this place.
 C = Inter-level travel time spent in this place.
 D = Time resting spent in this place.
 E = Time spent auto-exploring this place.
 F = Levels seen in this place.
 G = Mean time per level.
                   A        B        C        D        E       F      G
               +--------+--------+--------+--------+--------+-----+--------+
         Total |   1027 |   1024 |      3 |      0 |    793 |   2 |  513.5 |
       Dungeon |   1027 |   1024 |      3 |      0 |    793 |   2 |  513.5 |
               +--------+--------+--------+--------+--------+-----+--------+

Top non-repeatable levels by time:
     D:1: 823 daAuts
     D:2: 204 daAuts
